 Dungeon Crawl Stone Soup version 0.18.1-8-gdd0e5ea (webtiles) character file.

1099 Marenglen the Cudgeler (level 8, -7/102 HPs)
             Began as a Troll Arcane Marksman on May 23, 2016.
             Killed by divine providence
             ... invoked by an orc priest
              (14 damage)
             ... on level 5 of the Dungeon.
             The game lasted 00:15:58 (4456 turns).

Marenglen the Cudgeler (Troll Arcane Marksman)      Turns: 4456, Time: 00:15:59

Health: -7/102     AC: 29    Str: 19 (20) XL:     8   Next: 10%
Magic:  8/8        EV:  1    Int:  7 (9)  God:
Gold:   282        SH:  0    Dex:  7 (9)  Spells: 2 memorised, 6 levels left

rFire  . . .     SeeInvis .     s - +2 mace (protect)
rCold  . . .     Gourm    +     (armour currently unavailable)
rNeg   + + +     Faith    .     (no shield)
rPois  +         Spirit   .     (helmet currently unavailable)
rElec  .         Dismiss  .     (cloak currently unavailable)
rCorr  .         Reflect  .     (gloves unavailable)
SustAt .         Harm     .     (boots unavailable)
MR     .....     NoTele   +     (no amulet)
Stlth  +.........               u - ring of flight
                                g - ring of wizardry

@: exhausted, tree-form, very slightly contaminated, hasted and slowed, not
resistant to hostile enchantments, very unstealthy
A: unfitting armour, (claws 0), clumsy 1, deterioration 1, fast metabolism 3,
gourmand, regeneration 2, screaming 1, (shaggy fur 0), (tough skin 0)
a: no special abilities


You were on level 5 of the Dungeon.
You were not hungry.
You were a tree.
You visited 1 branch of the dungeon, and saw 5 of its levels.

You collected 282 gold pieces.

Inventory:

Hand Weapons
 s - a +2 mace of protection (weapon)
Missiles
 v - 4 tomahawks (quivered)
Jewellery
 g - a ring of wizardry (left branch)
 u - a ring of flight (right branch)
Scrolls
 h - a scroll of amnesia
 j - a scroll of recharging
 k - a scroll of noise
 l - 2 scrolls of immolation
Potions
 n - a potion of magic
Books
 b - a book of Debilitation

   Spells                             Type                      Level
   a - Corona                         Hexes                        1
   b - Slow                           Hexes                        2
   c - Gell's Gravitas                Hexes/Translocation          3
   d - Inner Flame                    Hexes/Fire                   3
   e - Cause Fear                     Hexes                        4
   f - Leda's Liquefaction            Hexes/Earth                  4
Comestibles
 c - a beef jerky
 f - 6 bread rations
 q - 5 meat rations


   Skills:
 - Level 0.7 Fighting
 + Level 5.9 Maces & Flails
 + Level 5.8 Throwing
 - Level 1.5 Dodging
 - Level 1.0 Spellcasting
 - Level 2.7 Hexes


You had 6 spell levels left.
You knew the following spells:

 Your Spells              Type           Power        Failure   Level  Hunger
a - Corona                Hex            #......      6%          1    ##.....
b - Slow                  Hex            #.......     9%          2    ###....


Dungeon Overview and Level Annotations

Branches:
Dungeon (5/15)
 Temple: D:4-7

Altars:
Cheibriados
Gozag
Kikubaaqudgha
Vehumet
The Shining One
Beogh

Annotations:
D:4 Sigmund
D:5 Grinder


Innate Abilities, Weirdness & Mutations

You are too large for most types of armour.
((You have claws for hands.))
Your metabolism is lightning-fast.
You like to eat raw meat.
You heal very quickly.
((You are covered in fur (AC +1).))
((You have very tough skin (AC +2).))
You are clumsy. (Dex -2)
Your body sometimes deteriorates upon taking damage.
You occasionally shout uncontrollably at your foes.


Message History

The orc priest calls down the wrath of Beogh upon you.
Beogh smites you!
* * * LOW HITPOINT WARNING * * *
The orc hits you but does no damage. x2
Read which item? (? for menu, Esc to quit)
Okay, then.
Unknown command.
You closely miss the orc.
The orc is heavily wounded.
The orc hits you but does no damage. x5
You sock the orc priest!
The orc priest is severely wounded.
The orc hits you but does no damage.
The orc priest calls down the wrath of Beogh upon you.
You are unaffected.
The orc hits you but does no damage. x3
You hit the orc priest.
The orc priest is severely wounded.
The orc priest calls down the wrath of Beogh upon you.
Beogh smites you!
You die...

##### ##...##
##.....##
#.......#
#.......#
#.......#######o
##...ooo....(...
##..(o♣#.(.####
#.....)o.......(
#........####...
#..........# ..
## ##.....###.#
.. ##...## .# #
##### # .# ..


You could see an orc priest and 4 orcs.

Vanquished Creatures
  An ice beast (D:4)
  An ogre (D:4)
  Blork the orc (D:5)
  A scorpion (D:5)
  A giant frog zombie (D:5)
  2 giant frog skeletons
  8 orc priests
  6 orc wizards
  A centaur skeleton (D:5)
  3 worker ants
  4 gnolls (D:3)
  3 adders
  A howler monkey skeleton (D:4)
  An ooze (D:1)
  An adder zombie (D:5)
  3 worms
  3 dart slugs
  3 giant geckos
  19 orcs
  3 giant cockroaches
  5 goblins
  9 hobgoblins
  16 jackals
  A quokka (D:2)
  2 ball pythons
  A bat (D:2)
  5 giant newts
  3 kobolds
  8 rats
  A toadstool (D:1)
117 creatures vanquished.

Vanquished Creatures (others)
  3 toadstools (D:1)
3 creatures vanquished.

Grand Total: 120 creatures vanquished

Notes
Turn   | Place    | Note
--------------------------------------------------------------
     0 | D:1      | Marenglen the Troll Arcane Marksman began the quest for the Orb.
     0 | D:1      | Reached XP level 1. HP: 18/18 MP: 1/1
   132 | D:1      | Reached XP level 2. HP: 26/26 MP: 2/2
   163 | D:1      | Learned a level 2 spell: Slow
   379 | D:1      | Reached XP level 3. HP: 26/32 MP: 3/3
   689 | D:1      | Reached skill level 1 in Maces & Flails
   938 | D:2      | Found a snail-covered altar of Cheibriados.
  1495 | D:3      | Found a radiant altar of Vehumet.
  1565 | D:3      | Reached XP level 4. HP: 38/40 MP: 4/4
  1760 | D:3      | Found a glowing golden altar of the Shining One.
  1789 | D:3      | Reached XP level 5. HP: 45/46 MP: 5/5
  1926 | D:3      | Found an ancient bone altar of Kikubaaqudgha.
  1928 | D:3      | Found an opulent altar of Gozag.
  2465 | D:4      | Reached XP level 6. HP: 50/54 MP: 2/6
  2685 | D:4      | Found a roughly hewn altar of Beogh.
  3139 | D:4      | Reached XP level 7. HP: 51/61 MP: 0/7
  3427 | D:5      | Entered Level 5 of the Dungeon
  3631 | D:5      | Noticed Sigmund
  3665 | D:4      | Reached skill level 5 in Maces & Flails
  3665 | D:4      | Reached skill level 5 in Throwing
  3935 | D:5      | Noticed Blork the orc
  4303 | D:5      | Killed Blork the orc
  4339 | D:5      | Noticed Grinder
  4422 | D:5      | Reached XP level 8. HP: 52/68 MP: 8/8
  4425 | D:5      | Gained mutation: You are clumsy. (Dex -2) [potion of mutation]
  4425 | D:5      | Gained mutation: Your body sometimes deteriorates upon taking damage. [potion of mutation]
  4425 | D:5      | Gained mutation: You occasionally shout uncontrollably at your foes. [potion of mutation]
  4453 | D:5      | HP: 5/102 [orc priest/divine providence (13)]
  4456 | D:5      | Killed from afar by an orc priest

Skill      XL: |  1  2  3  4  5  6  7 |
---------------+----------------------+-----
Maces & Flails | 2 3 4 5 |  5.9
Throwing       | 2 3 4 5 |  5.8
Fighting       | |  0.7
Dodging        | |  1.5
Spellcasting   | |  1.0
Hexes          | |  2.7

Action                   |  1- 3 |  4- 6 |  7- 9 || total
-------------------------+-------+-------+-------++-------
Melee: Unarmed           |    49 |       |       ||    49
       Club              |    50 |       |       ||    50
       Mace              |    72 |   122 |   138 ||   332
       Flail             |       |    58 |       ||    58
Throw: Large rock        |     2 |    10 |    11 ||    23
       Throwing net      |       |     5 |     3 ||     8
       Tomahawk          |       |       |     7 ||     7
 Cast: Corona            |       |     9 |     9 ||    18
       Slow              |       |     6 |     9 ||    15
  Use: Scroll            |     4 |     4 |     2 ||    10
       Potion            |       |       |     9 ||     9
 Stab: Distracted        |     1 |       |       ||     1
       Sleeping          |     1 |       |       ||     1
       Held in net/web   |       |     1 |     1 ||     2
  Eat: Chunk             |    20 |    16 |     8 ||    44
Armor: Skin              |    59 |    62 |    90 ||   211
Dodge: Dodged            |   100 |   115 |   102 ||   317
